 Dungeon Crawl Stone Soup version 0.24.0-1-gfbc8707122 (webtiles) character file.

Game seed: 6787725478396865474, levelgen mode: deterministic

1801 inmateoo the Geomancer (level 9, -7/51 HPs)
             Began as an Octopode Earth Elementalist on Oct 28, 2019.
             Mangled by an orc warrior
             ... wielding a +0 flail
              (18 damage)
             ... on level 6 of the Dungeon.
             The game lasted 00:08:05 (5432 turns).

inmateoo the Geomancer (OpEE)                       Turns: 5432, Time: 00:08:06

Health: -7/51      AC:  1    Str:  8    XL:     9   Next: 9%
Magic:  12/15      EV: 15    Int: 20    God:
Gold:   264        SH:  0    Dex: 12    Spells: 7/16 levels left

rFire    . . .     SeeInvis .   m - +3 dagger (drain)
rCold    + . .     Gourm    .   (no shield)
rNeg     + . .     Faith    .   (helmet restricted)
rPois    .         Spirit   .   o - amulet of magic regeneration
rElec    .         Reflect  .   p - ring of protection from cold
rCorr    .         Harm     .   q - ring of positive energy
MR       .....                  (no ring)
Stlth    ++++......             (no ring)
HPRegen  0.17/turn              (no ring)
MPRegen  0.39/turn              (no ring)
                                (no ring)
                                (no ring)

@: no status effects
A: almost no armour, stealthy swim, amphibious, 8 rings, constrict 8, camouflage
1, gelatinous body 1
a: no special abilities


You were on level 6 of the Dungeon.
You were not hungry.

You visited 1 branch of the dungeon, and saw 6 of its levels.

You collected 264 gold pieces.

Inventory:

Hand Weapons
 m - a +3 dagger of draining (weapon)
Missiles
 b - a stone (quivered)
Jewellery
 o - an amulet of magic regeneration (around mantle)
 p - a ring of protection from cold (left tentacle)
 q - a ring of positive energy (right tentacle)
 t - a +3 amulet of reflection
Wands
 h - a wand of random effects (19)
Scrolls
 f - 5 scrolls of teleportation
 i - a scroll of enchant armour
 j - a scroll of random uselessness {unknown}
 l - a scroll of fear
 n - a scroll of remove curse
 s - 2 scrolls of magic mapping
Potions
 a - a potion of lignification
 d - 3 potions of curing
 e - a potion of haste
 g - a potion of cancellation
 k - a potion of might
 u - a potion of brilliance
Comestibles
 c - 9 rations


   Skills:
 - Level 5.0 Dodging
 - Level 5.0 Stealth
 - Level 4.0 Spellcasting
   Level 1.0 Transmutations
 * Level 9.7 Earth Magic


You had 7 spell levels left.
You knew the following spells:

 Your Spells              Type           Power        Failure   Level  Hunger
a - Sandblast             Erth           #####.       1%          1    None
b - Stone Arrow           Conj/Erth      ###...       5%          3    ###....
c - Lee's Rapid Deconstr  Erth           #####.....   7%          5    ######.

Your spell library contained the following spells:

 Spells                   Type           Power        Failure   Level  Hunger
 Passwall                 Tmut/Erth      ####....     2%          2    #......
 Petrify                  Tmut/Erth      ####....     14%         4    ####...


Dungeon Overview and Level Annotations

Branches:
Dungeon (6/15)
 Temple: D:4-7

Altars:
Ashenzari

Shops:
D:6 [


Innate Abilities, Weirdness & Mutations

You cannot wear most types of armour.
You are very stealthy in the water. (Stealth+)
You are amphibious.
You can wear up to eight rings at the same time.
You can use your tentacles to constrict eight enemies at once.
Your skin changes colour to match your surroundings (Stealth+).
Your rubbery body absorbs attacks. (AC +1, EV +1)


Message History

The wall shatters!
The blast of rock fragments hits the ice beast!
You kill the ice beast!
The blast of rock fragments hits the orc warrior but does no damage.
The orc warrior is severely wounded.
The orc warrior hits you with a +0 flail.
* * * LOW HITPOINT WARNING * * *
Unknown command.
Casting: Lee's Rapid Deconstruction (safe; 7% risk of failure)
Confirm with . or Enter, or press ? or * to list all spells.
Aiming: Lee's Rapid Deconstruction (safe; 7% risk of failure)
Press: ? - help, Dir - move target cursor A rock wall.
The wall shatters!
The blast of rock fragments hits the orc warrior but does no damage.
The orc warrior is severely wounded.
Unknown command.
Unknown command.
The orc warrior hits you with a +0 flail!!
You die...

### ..### ....# ....## #####
#....# #...# ### #....#
#.#.####### ..# #....#
#.#.##....# ##.#
########.#.##.##.#### #..# #
..........<.....@o.># ####..###.#
...#####.#.#####.##.# #.........#
.....#...#.......##.# #.##...####
.).#.#.#########.##.###.##...####
.#.....# #...###.##.............#
##)..### #.#.#....#####.###.###.#
......####.#.#......#.#.###.# #.#
...........♣.#..............# #.#
.#.#.####♣.∩.♣......#.#.##### #.#


You could see an orc warrior.

Vanquished Creatures
  An orc warrior (D:6)
  3 ice beasts
  A black bear (D:6)
  An ogre (D:5)
  A centaur (D:5)
  2 scorpions (D:5)
  A wyvern skeleton (D:6)
  A water moccasin zombie (D:5)
  A howler monkey (D:2)
  4 bullfrog zombies
  A crimson imp (D:5)
  3 orc priests
  2 hounds
  2 jellies (D:6)
  A bullfrog skeleton (D:5)
  Terence (D:3)
  An iguana (D:5)
  5 worker ants
  4 orc wizards
  A hound zombie (D:6)
  A hound skeleton (D:5)
  A worker ant zombie (D:5)
  10 adders
  2 adder zombies (D:5)
  2 worms (D:3)
  5 dart slugs
  3 leopard geckos
  20 orcs
  A ball python (D:1)
  6 bats
  5 giant cockroaches
  9 hobgoblins
  7 jackals
  5 kobolds
  3 frilled lizards
  A giant cockroach zombie (D:5)
  8 goblins
  A leopard gecko skeleton (D:5)
  A quokka zombie (D:5)
  5 rats
133 creatures vanquished.

Notes
Turn   | Place    | Note
-------+----------+-------------------------------------------
     0 | D:1      | inmateoo the Octopode Earth Elementalist began the quest
                  | for the Orb.
     0 | D:1      | Reached XP level 1. HP: 11/11 MP: 3/3
   178 | D:1      | Reached XP level 2. HP: 17/17 MP: 5/5
   822 | D:1      | Reached XP level 3. HP: 21/21 MP: 6/6
   856 | D:1      | Learned a level 3 spell: Stone Arrow
  1538 | D:2      | Found a faded altar of an unknown god.
  1554 | D:2      | Reached XP level 4. HP: 25/27 MP: 0/7
  1724 | D:2      | Reached skill level 4 in Earth Magic
  1806 | D:2      | Reached XP level 5. HP: 30/31 MP: 5/9
  2422 | D:3      | Reached XP level 6. HP: 26/36 MP: 10/10
  2506 | D:3      | Learned a level 5 spell: Lee's Rapid Deconstruction
  2628 | D:3      | Noticed Terence
  2634 | D:3      | Killed Terence
  3055 | D:4      | Reached skill level 5 in Earth Magic
  3188 | D:4      | Reached skill level 5 in Stealth
  3400 | D:4      | Reached XP level 7. HP: 31/41 MP: 12/12
  3558 | D:5      | Entered Level 5 of the Dungeon
  3978 | D:5      | Reached skill level 6 in Earth Magic
  4495 | D:5      | Reached XP level 8. HP: 42/46 MP: 14/14
  4533 | D:5      | Reached skill level 7 in Earth Magic
  4611 | D:5      | Reached skill level 5 in Dodging
  4820 | D:6      | Reached skill level 8 in Earth Magic
  4847 | D:6      | Found a shattered altar of Ashenzari.
  5207 | D:6      | Found Unu Tey's Antique Armour Shoppe.
  5250 | D:6      | Reached skill level 9 in Earth Magic
  5364 | D:6      | Reached XP level 9. HP: 51/51 MP: 4/15
  5432 | D:6      | Mangled by an orc warrior

Levels and vault maps discovered:
D:1:      kennysheep_arrival_forest, layout_basic
D:2:      layout_basic, first_ration, chequers_ecumenical_altar_island
D:3:      layout_rooms, uniq_terence
D:4:      layout_loops_ring
D:5:      layout_loops_ring, serial_undead, serial_undead_a, serial_undead_f,
          serial_undead_e, serial_undead_a, serial_undead_b, serial_undead_f
D:6:      layout_basic, ashenzari_conservatory_becter,
          lemuel_zombie_altar_yredelemnul, serial_shops, nicolae_shop_trees

Skill      XL: |  1  2  3  4  5  6  7  8 |
---------------+-------------------------+-----
Stealth        | 3 4 5 |  5.0
Earth Magic    | 4 5 6 9 |  9.7
Dodging        | 3 4 5 |  5.0
Spellcasting   | 3 4 |  4.0
Transmutations | |  1.0

Action                   |  1- 3 |  4- 6 |  7- 9 || total
-------------------------+-------+-------+-------++-------
Melee: Unarmed           |    22 |       |       ||    22
       Constrict         |    16 |    25 |    13 ||    54
       Tentacles         |     9 |    18 |    16 ||    43
       Dagger            |    32 |   104 |    97 ||   233
 Cast: Sandblast         |    18 |    31 |    46 ||    95
       Stone Arrow       |       |     3 |       ||     3
       Lee's Rapid Decon |       |       |     6 ||     6
  Use: Scroll            |       |    10 |     9 ||    19
 Stab: Sleeping          |     5 |     8 |    11 ||    24
  Eat: Chunk             |     2 |     6 |     6 ||    14
       Ration            |       |       |     1 ||     1
Armor: Skin              |     6 |     5 |     5 ||    16
Dodge: Dodged            |    41 |    75 |    78 ||   194
